 Dungeon Crawl Stone Soup version 0.32-a0-391-gce5c0aab1b (webtiles) character file.

Game seed: 10706447005937178658

1421862 jboons the Pyromancer (level 25, 221/221 HPs)
             Began as a Demigod Conjurer on Feb 19, 2024.
             Escaped with the Orb
             ... and 3 runes on Feb 20, 2024!
             The game lasted 04:34:47 (101448 turns).

jboons the Pyromancer (Demigod Conjurer)          Turns: 101448, Time: 04:34:48

Health: 221/221    AC: 20    Str:  9    XL:     25   Next: 36%
Magic:  60/60      EV: 16    Int: 48    God:
Gold:   5750       SH: 19    Dex: 14    Spells: 8/60 levels left

rFire   + + .        a - staff of conjuration {!a}
rCold   + . .        t - +5 kite shield {reflect}
rNeg    + + .        C - +2 robe {rC+ rF+}
rPois   +            E - +2 helmet {SInv}
rElec   .            p - +4 dragonskin cloak
rCorr   +            O - +4 pair of gloves of Abagoo {rPois Will+ Str+2}
SInv    +            L - +2 pair of boots {Fly}
Will    +++++        K - amulet of magic regeneration
Stlth   +            m - ring "Puewaul" {Wiz rN+ Will+ rCorr Str-3}
HPRegen 0.56/turn    z - ring "Gifae" {Wiz rF+ rN+ MP+9 Str+2}
MPRegen 0.77/turn

%: reflection, wizardry (x2)
@: flying
A: high MP 1, forlorn, divine attributes, clumsy 1, deformed body, deterioration
1, strong-willed 1, evolution 1, subdued magic 1
0: Orb of Zot
}: 3/15 runes: barnacled, slimy, gossamer
a: no special abilities


You escaped.
You visited 10 branches of the dungeon, and saw 51 of its levels.
You also visited: Ice Cave, Wizlab and Desolation.

You collected 8911 gold pieces.
You spent 3161 gold pieces at shops.

Inventory:

Hand Weapons
 b - a +8 demon trident of electrocution
Missiles
 q - 4 throwing nets
Armour
 p - the +4 dragonskin cloak (worn)
   (You took it off Tiamat on level 3 of the Realm of Zot)

   Avatar's Aegis: It grants the wearer a chance to resist fire, cold, poison,
   electricity, acid, and negative energy.
 t - a +5 kite shield of reflection (worn)
 C - a +2 robe of resistance (worn)
 E - a +2 helmet of see invisible (worn)
 L - a +2 pair of boots of flying (worn)
 O - the +4 pair of gloves of Abagoo (worn) {rPois Will+ Str+2}
   (You found it in a wizard's laboratory)

   Str+2:     It affects your strength (+2).
   rPois:     It protects you from poison Will+: It increases your willpower.
Magical Staves
 a - a staff of conjuration (weapon) {!a}
 w - a staff of air {!a}
Jewellery
 m - the ring "Puewaul" (left hand) {Wiz rN+ Will+ rCorr Str-3}
   (You found it in the Desolation of Salt)

   [ring of wizardry]

   Wiz:       It improves your spell success rate.
   Str-3:     It affects your strength (-3).
   rN+:       It protects you from negative energy.
   Will+:     It increases your willpower.
   rCorr:     It protects you from acid and corrosion.
 z - the ring "Gifae" (right hand) {Wiz rF+ rN+ MP+9 Str+2}
   (You found it in the Desolation of Salt)

   [ring of wizardry]

   Wiz:       It improves your spell success rate.
   Str+2:     It affects your strength (+2).
   rF+:       It protects you from fire.
   rN+:       It protects you from negative energy.
   MP+9:      It affects your magic capacity (+9).
 K - an amulet of magic regeneration (around neck)
Wands
 j - a wand of mindburst (32)
 H - a wand of paralysis (48)
 N - a wand of polymorph (32)
 P - a wand of flame (85)
 Q - a wand of digging (15)
 T - a wand of acid (14)
 W - a wand of iceblast (39)
Scrolls
 d - 8 scrolls of immolation
 g - 14 scrolls of teleportation
 o - 6 scrolls of fear
 r - 10 scrolls of fog
 u - 2 scrolls of blinking
 x - 9 scrolls of poison
 y - 3 scrolls of vulnerability
 A - 2 scrolls of torment
 D - a scroll of revelation
 I - 3 scrolls of silence
 J - 5 scrolls of amnesia
 U - a scroll of butterflies
 V - 4 scrolls of noise
 Y - a scroll of enchant weapon
Potions
 c - 7 potions of lignification
 e - 5 potions of cancellation
 f - 4 potions of invisibility
 h - 7 potions of might
 i - 5 potions of heal wounds
 k - 27 potions of curing
 l - 5 potions of mutation
 s - 6 potions of brilliance
 v - 5 potions of enlightenment
 B - 3 potions of haste
 F - 8 potions of ambrosia
 G - a potion of resistance
 Z - 2 potions of berserk rage
Miscellaneous
 n - a lightning rod (4/4)
 R - a phantom mirror
 S - a box of beasts
 X - a phial of floods


   Skills:
 + Level 17.1 Fighting
 - Level 5.0 Armour
 + Level 10.2 Dodging
 - Level 1.7 Stealth
 - Level 17.0 Shields
 - Level 18.0 Spellcasting
 - Level 20.0 Conjurations
 - Level 5.0 Hexes
 - Level 25.4 Fire Magic
 - Level 12.0 Earth Magic
 - Level 7.0 Alchemy


You had 8 spell levels left.
You knew the following spells:

 Your Spells              Type           Power      Damage    Failure   Level
a - Lehudib's Crystal Sp  Conj/Erth      61%        10d14     1%          8
b - Fire Storm            Conj/Fire      70%        8d18      1%          9
c - Fulminant Prism       Conj/Alch      57%        3d24      0%          4
d - Irradiate             Conj/Alch      57%        3d30      1%          5
e - Lee's Rapid Deconstr  Erth           44%        3d21*     1%          5
f - Ignition              Fire           60%        3d16      1%          8
g - Yara's Violent Unrav  Hex/Alch       33%        3d14      1%          5
h - Iskenderun's Mystic   Conj/Tloc      100%       2d19      1%          4
i - Passwall              Erth           89%        N/A       0%          3
Z - Magic Dart            Conj           100%       1d8       0%          1

Your spell library contained the following spells:

 Spells                   Type           Power      Damage    Failure   Level
 Kiss of Death            Conj/Necr      100%       2d13      0%          1
 Sandblast                Erth           100%       2d20      0%          1
 Shock                    Conj/Air       100%       1d9       0%          1
 Momentum Strike          Conj/Tloc      100%       3d10      0%          2
 Scorch                   Fire           100%       2d9       0%          2
 Searing Ray              Conj           100%       2d8       0%          2
 Static Discharge         Conj/Air       100%       3-8/arc   0%          2
 Dazzling Flash           Conj/Hex       100%       N/A       0%          3
 Hailstorm                Conj/Ice       100%       3d16      0%          3
 Inner Flame              Hex/Fire       98%        N/A       0%          3
 Stone Arrow              Conj/Erth      100%       3d13      0%          3
 Volatile Blastmotes      Fire/Tloc      100%       2d18      0%          3
 Brom's Barrelling Bould  Conj/Erth      100%       2d11      0%          4
 Ignite Poison            Fire/Alch      100%       N/A       0%          4
 Sticky Flame             Fire/Alch      100%       2d15      0%          4
 Summon Blazeheart Golem  Fire/Summ      91%        N/A       0%          4
 Starburst                Conj/Fire      70%        6d18      0%          6
 Freeze                   Ice            100%       1d10      1%          1
 Necrotise                Necr           100%       1d9       1%          1
 Slow                     Hex            100%       N/A       1%          1
 Summon Small Mammal      Summ           100%       N/A       1%          1
 Blink                    Tloc           66%        N/A       1%          2
 Call Imp                 Summ           66%        N/A       1%          2
 Cigotuvi's Dreadful Rot  Necr/Alch/Air  100%       N/A       1%          2
 Ensorcelled Hibernation  Hex/Ice        100%       N/A       1%          2
 Jinxbite                 Hex            100%       N/A       1%          2
 Lesser Beckoning         Tloc           66%        N/A       1%          2
 Mercury Vapours          Alch/Air       100%       N/A       1%          2
 Sublimation of Blood     Necr           33%        N/A       1%          2
 Call Canine Familiar     Summ           33%        N/A       1%          3
 Confusing Touch          Hex            63%        N/A       1%          3
 Frozen Ramparts          Ice            66%        1d10      1%          3
 Fugue of the Fallen      Necr           33%        N/A       1%          3
 Gell's Gravitas          Tloc           33%        N/A       1%          3
 Mephitic Cloud           Conj/Alch/Air  99%        N/A       1%          3
 Ozocubu's Armour         Ice            33%        N/A       1%          3
 Sigil of Binding         Hex            63%        N/A       1%          3
 Swiftness                Air            33%        N/A       1%          3
 Teleport Other           Tloc           33%        N/A       1%          3
 Tukima's Dance           Hex            63%        N/A       1%          3
 Vampiric Draining        Necr           33%        2d8       1%          3
 Airstrike                Air            16%        2d(3-19)  1%          4
 Anguish                  Hex/Necr       25%        N/A       1%          4
 Animate Armour           Summ/Erth      100%       N/A       1%          4
 Animate Dead             Necr           33%        N/A       1%          4
 Cause Fear               Hex            31%        N/A       1%          4
 Dispel Undead            Necr           33%        3d14      1%          4
 Leda's Liquefaction      Alch/Erth      40%        N/A       1%          4
 Martyr's Knell           Necr/Summ      33%        N/A       1%          4
 Olgreb's Toxic Radiance  Alch           71%        N/A       1%          4
 Passage of Golubria      Tloc           33%        N/A       1%          4
 Petrify                  Alch/Erth      80%        N/A       1%          4
 Summon Lightning Spire   Summ/Air       33%        N/A       1%          4
 Borgnjor's Vile Clutch   Necr/Erth      33%        N/A       1%          5
 Freezing Cloud           Conj/Ice/Air   44%        6-21      1%          5
 Silence                  Hex/Air        25%        N/A       1%          5
 Summon Mana Viper        Hex/Summ       51%        N/A       1%          5
 Bombard                  Conj/Erth      61%        9d10      1%          6
 Eringya's Noxious Bog    Alch           35%        4d6       1%          6
 Curse of Agony           Necr           33%        N/A       5%          5
 Summon Forest            Summ/Tloc      16%        N/A       5%          5
 Sculpt Simulacrum        Ice/Alch       28%        N/A       7%          6
 Enfeeble                 Hex            31%        N/A       21%         7
 Dispersal                Tloc           16%        N/A       28%         6
 Summon Cactus Giant      Summ           16%        N/A       28%         6
 Haunt                    Necr/Summ      16%        N/A       82%         7
 Ozocubu's Refrigeration  Ice            16%        4d11      82%         7
 Summon Hydra             Summ           16%        N/A       82%         7
 Discord                  Hex            31%        N/A       82%         8
 Borgnjor's Revivificati  Necr           16%        N/A       100%        8
 Infestation              Necr           16%        N/A       100%        8
 Shatter                  Erth           44%        3d34*     78%         9
 Chain Lightning          Conj/Air       51%        3d68      95%         9
 Death's Door             Necr           16%        N/A       100%        9
 Polar Vortex             Ice            16%        12d2*     100%        9


Dungeon Overview and Level Annotations

Branches:
Dungeon (15/15)            Temple (0/1) D:7            Lair (5/5) D:10
 Shoals (4/4) Lair:2       Spider (4/4) Lair:3        Slime (5/5) Lair:4
    Orc (2/2) D:9             Elf (3/3) Orc:2        Vaults (4/5) D:14
  Crypt (0/3) Vaults:2     Depths (4/4) D:15            Zot (5/5) Depths:4
  IceCv (visited)          WizLab (visited)         Desolation (visited)

Shops:
D:3 (   D:6 [   Orc:1 **   Orc:2 *(:**   Vaults:1 (   Vaults:4 [!
Depths:2 *([

Portals:
Hell: Depths:1 Depths:2 Depths:3 Depths:4
Abyss: Depths:3 Depths:4
Pandemonium: Orc:2 Depths:2 Depths:3
Ziggurat: Depths:2

Annotations:
D:8 3 runed translucent doors, Azoth's ghost, novice HuBe
Elf:1 1 runed translucent door
Elf:2 3 runed translucent doors
Zot:1 3 runed translucent doors, Caurgh's ghost, veteran OnBe; snackwell's ghost, veteran MfBe


Innate Abilities, Weirdness & Mutations

You have an increased reservoir of magic. (+10% MP)
You shall have no god before yourself.
Your divine heritage dramatically boosts your attributes as you level up.
You are clumsy. (Dex -2)
Armour fits poorly on your strangely shaped body.
Your body sometimes deteriorates upon taking damage.
You are strong-willed. (Will+)
You have hidden genetic potential.
Your spells are a little easier to cast, but a little less powerful.


Message History

A hellion is nearby!
You feel a surge of power!
The crystal spear hits the hellion!!!!
You kill the hellion!
Magic restored.
There is a stone staircase leading up here.
You fly upwards.
There is a stone staircase leading down here.
Casting: Lehudib's Crystal Spear (mildly dangerous; 1% risk of failure)
Confirm with . or Enter, or press ? or * to list all spells.
Aiming: Passwall (safe; 0% risk of failure)
Press: ? - help, Dir - move target You can't see that place. [the floor.]
You begin to meditate on the wall.
You continue meditating on the rock. x2
You finish merging with the rock.
There is a stone staircase leading up here.
You fly upwards.
An Orb Guardian comes into view.
There is a stone staircase leading down here.
There is a stone staircase leading up here.
You fly upwards.
There is a stone staircase leading down here.
Unknown command.
Aiming: Dig
Press: ? - help, Shift-Dir - straight line, f - you Please select a direction to dig.
A stone staircase leading down.
This square is covered in magical glow.
The rock shatters into small pieces.
Aiming: Dig
Press: ? - help, Shift-Dir - straight line, f - you Please select a direction to dig.
This square is covered in magical glow.
The rock shatters into small pieces.
Aiming: Dig
Press: ? - help, Shift-Dir - straight line, f - you Please select a direction to dig.
This square is covered in magical glow.
The rock shatters into small pieces.
There is a staircase leading out of the dungeon here.
You have escaped!

#.# ##.## #.....# #.#### ..#
###...#####.....## #.....
###
##.#............#.#####.####
##.#......♣♣♣♣♣..........#
##.###.#...♣♣♣♣♣.♣..#.#####
##.## #>.♣♣.♣∩∩∩.♣♣♣.⌠.#
##.## #..♣♣∩.....∩♣♣...#
##.## #.♣♣∩..♣♣♣..∩♣♣..#
#.## ###.♣♣∩...@...∩♣♣..#
.## #...♣♣∩..♣♣♣..∩♣♣.## ##
#....♣♣∩.....∩♣♣..# #
#.#⌠.♣♣♣♣∩.∩♣♣♣♣.⌠#
#.##..♣♣♣♣.♣♣♣♣..##
###.##.#..♣♣.♣♣..#.#########
#..........................#
#......(##.........#######.#
#.......###......#.# #.#


There were no monsters in sight!

Vanquished Creatures
  the Royal Jelly (Slime:5)
  Tiamat (Zot:3)
  4 dread liches
  5 ancient liches (Zot:5)
  Mara (Shoals:4)
  6 orbs of fire
  Josephina (Depths:2)
  Vv (Depths:2)
  2 Killer Klowns (Zot:5)
  A caustic shrike (Depths:2)
  5 curse toes
  12 golden dragons
  Nikola (Shoals:3)
  Norris (Vaults:4)
  3 bone dragons
  Arachne (Spider:2)
  3 electric golems
  Rupert (D:13)
  A pandemonium lord (Zot:5)
  A Hell Sentinel (Spider:3)
  10 tentacled monstrosities
  Mlioglotl (Spider:4)
  2 walking crystal tomes (WizLab)
  Asterion (Vaults:1)
  2 liches
  A titan (Depths:2)
  2 deep elf blademasters (Elf:3)
  24 Orb Guardians
  4 quicksilver dragons
  16 death cobs
  2 deep elf master archers (Elf:3)
  17 acid blobs
  A walking divine tome (WizLab)
  6 sphinxes
  Gastronok (Lair:2)
  13 shadow dragons
  3 protean progenitors
  Kirke (D:14)
  4 tengu reavers
  The ghost of Begg the Thaumaturge, an adept DrIE of Ashenzari (Spider:4)
  The ghost of Begg the Thaumaturge, an adept DrIE of Ashenzari (Spider:4)
  Donald (Shoals:1)
  11 storm dragons
  8 rockslimes
  14 azure jellies
  7 draconian monks
  4 draconian shifters
  A strange machine (WizLab)
  3 imperial myrmidons (Desolation)
  7 emperor scorpions
  A deep elf sorcerer (Elf:3)
  7 draconian knights
  6 frost giants
  An iron dragon (Depths:2)
  14 ghost moths
  3 orc warlords
  4 fire giants
  6 deep elf elementalists (Elf:3)
  12 vault wardens
  The ghost of Gryn the Marksdemigod, a journeyman DgHu (Orc:2)
  8 draconian scorchers
  2 curse skulls (Vaults:2)
  4 spriggan defenders
  An angel (Depths:4)
  3 broodmothers
  11 quicksilver oozes
  4 draconian stormcallers
  16 very ugly things
  12 ironbound preservers
  4 vampire knights
  5 draconian annihilators
  12 stone giants
  A reaper (Depths:1)
  6 ironbound thunderhulks
  9 deep elf demonologists
  5 formless jellyfish
  10 green draconians
  2 demonspawn black suns (Zot:2)
  4 deep elf annihilators (Elf:3)
  12 black draconians
  A war gargoyle (Vaults:4)
  17 white draconians
  9 dire elephants
  Azrael (Orc:2)
  11 yellow draconians
  7 deep elf death magi (Elf:3)
  10 red draconians
  2 halazid warlocks (Desolation)
  14 purple draconians
  12 spark wasps
  5 ettins
  3 blizzard demons
  3 merfolk impalers
  2 green deaths (Depths:2)
  A crystal guardian (Desolation)
  7 yaktaur captains
  5 deep elf high priests (Elf:3)
  2 quicksilver dragon zombies
  6 fire dragons
  14 great orbs of eyes
  4 ragged hierophants (Desolation)
  8 entropy weavers
  3 rakshasas (WizLab)
  5 vault guards
  5 servants of whispers (Desolation)
  Harold (Lair:2)
  2 demonspawn (Orc:2)
  3 hydras
  2 sphinx zombies
  18 ice dragons
  A jorogumo (Spider:4)
  14 peacekeepers
  12 centaur warriors
  A juggernaut simulacrum (Depths:2)
  2 caustic shrike simulacra (IceCv)
  4 spriggan air magi
  4 merfolk avatars
  2 radroaches (Spider:2)
  2 catoblepae
  2 ironbound frosthearts
  5 two-headed ogres
  2 death knights
  9 boulder beetles
  24 death yaks
  4 merfolk aquamancers
  28 dancing weapons
  7 deep troll shamans
  13 demonic crawlers
  13 deep troll earth magi
  6 occultists
  5 satyrs
  3 vampire magi
  9 tengu warriors
  4 orc high priests
  A titan zombie (Depths:2)
  7 spriggan berserkers
  18 deep elf knights
  17 hell knights
  Sonja (D:11)
  4 spriggans
  8 skysharks
  3 shadow wraiths
  6 skeletal warriors
  3 sun demons
  46 deep trolls
  11 pharaoh ants
  A sixfirhy (Zot:1)
  8 iron trolls
  A golden dragon zombie (Depths:2)
  A goliath frog (Zot:1)
  3 glowing orange brains
  A mana viper (shapeshifter) (Depths:1)
  10 sea snakes
  2 sun moths (Spider:2)
  13 orb spiders
  3 swamp dragons
  A bog body (IceCv)
  4 lindwurms
  An obsidian statue (IceCv)
  12 spriggan simulacra (IceCv)
  3 steelbarb worms
  8 flayed ghosts
  18 harpies
  13 deep elf archers
  5 arcanists
  7 orc knights
  6 necromancers
  A tengu zombie (Vaults:3)
  14 ironbound convokers
  A phantasmal warrior (Vaults:2)
  32 deep elf pyromancers
  27 deep elf zephyrmancers
  21 wolf spiders
  9 orc sorcerers
  8 manticores
  A human zombie (Vaults:3)
  3 shining eyes
  Maurice (D:11)
  26 fauns
  A fire giant zombie (Depths:2)
  39 ugly things
  20 moths of wrath
  5 cyclopes
  A human skeleton (Vaults:1)
  14 merfolk sirens
  4 torpor snails
  4 guardian serpents
  8 elephants (Lair:5)
  2 black mambas (shapeshifter) (D:14)
  4 kobold blastminers
  2 rust devils (Orc:2)
  A stone giant skeleton (Vaults:3)
  5 water nymphs (Shoals:4)
  An ice statue (Shoals:1)
  A smoke demon (Orc:2)
  2 eyes of devastation
  10 vault sentinels
  8 black mambas
  A titan simulacrum (Depths:2)
  Jeremiah (D:7)
  4 large abominations (Depths:4)
  An eye of devastation (shapeshifter) (Elf:2)
  7 rime drakes
  6 unseen horrors
  10 komodo dragons
  9 cane toads
  2 hellions
  12 ice devils
  2 golden dragon simulacra
  A tormentor (Depths:3)
  An anaconda simulacrum (IceCv)
  2 kobold demonologists (D:10)
  30 yaktaurs
  2 efreet
  7 tengu conjurers
  4 freezing wraiths
  10 merfolk
  A red devil (Zot:5)
  4 polar bears
  2 tyrant leeches (Zot:1)
  13 trolls
  9 wind drakes
  A queen bee (shapeshifter) (Elf:3)
  24 tarantellas
  Grinder (D:6)
  A tengu simulacrum (Depths:2)
  13 hornets
  2 ettin zombies
  Prince Ribbit (D:6)
  A raiju (shapeshifter) (D:13)
  56 saltlings (Desolation)
  3 glass eyes
  11 snapping turtles
  81 slime creatures
  2 dream sheep (Shoals:3)
  15 blink frogs
  Sigmund (D:3)
  A frost giant simulacrum (Vaults:3)
  9 water elementals
  5 air elementals
  2 shadows
  An ettin skeleton (Vaults:1)
  31 jumping spiders
  16 culicivoras
  25 yaks
  3 hogs (D:14)
  2 wraiths (D:11)
  A vampire (D:12)
  A dire elephant simulacrum (IceCv)
  6 fire elementals
  21 wyverns
  A ynoxinul (Depths:2)
  3 basilisks
  4 wargs
  A neqoxec (D:11)
  4 steam dragons
  2 golden eyes (Slime:2)
  56 redbacks
  A vampire mosquito (D:14)
  6 acid dragons
  8 minotaur simulacra (IceCv)
  A human simulacrum (Vaults:1)
  2 harpy simulacra (IceCv)
  A hydra simulacrum (IceCv)
  20 water moccasins
  2 hell hounds
  3 black bears
  31 orc warriors
  2 swamp drakes (Lair:5)
  9 ogres
  2 ettin simulacra (IceCv)
  8 small abominations
  16 wolves
  7 boggarts (Vaults:1)
  11 centaurs
  4 kobold brigands
  15 bullfrogs
  2 scorpions
  A glowing shapeshifter simulacrum (Depths:2)
  7 deep troll simulacra (IceCv)
  5 earth elementals
  4 wights
  2 lindwurm simulacra (IceCv)
  11 killer bees (D:9)
  4 howler monkeys
  2 electric eels
  2 jellies (D:7)
  2 bombardier beetles
  34 orc priests
  A gnoll bouda (D:7)
  3 hounds
  8 iguanas
  A sleepcap (D:7)
  7 hell rats
  22 orc wizards
  Robin (D:2)
  8 gnolls
  8 adders
  3 white imps
  3 ufetubi
  A dart slug (D:4)
  87 orcs
  3 endoplasms
  3 giant cockroaches
  17 goblins
  9 hobgoblins
  2 jackals (D:4)
  6 quokkas
  8 ball pythons
  5 bats
  2 frilled lizards
  20 kobolds
  3 rats
  3 aspiring fleshes
  A fire vortex (Zot:5)
2297 creatures vanquished.

Vanquished Creatures (collateral kills)
  2 tentacled monstrosities
  3 Orb Guardians (Zot:5)
  An acid blob (Slime:5)
  A draconian knight (Zot:3)
  A very ugly thing (Depths:1)
  A red draconian (Zot:3)
  A tengu warrior (Depths:4)
  A storm dragon skeleton (Depths:2)
11 creatures vanquished.

Vanquished Creatures (others)
  An angel (D:6)
  A merfolk (Shoals:3)
  A redback (Spider:1)
  193 fire vortices
  196 fulminant prisms
392 creatures vanquished.

Grand Total: 2700 creatures vanquished

Notes
Turn   | Place    | Note
-------+----------+-------------------------------------------
     0 | D:1      | jboons the Demigod Conjurer began the quest for the Orb.
     0 | D:1      | Reached XP level 1. HP: 14/14 MP: 5/5
   250 | D:1      | You fall into a shaft and drop 1 floor!
   454 | D:2      | Reached XP level 2. HP: 20/20 MP: 4/7
   490 | D:2      | Learned a level 2 spell: Searing Ray
  1286 | D:1      | Reached XP level 3. HP: 26/26 MP: 6/9
  2404 | D:2      | Reached XP level 4. HP: 33/33 MP: 4/11
  2484 | D:2      | Noticed Robin
  2487 | D:2      | Killed Robin
  3255 | D:3      | Reached skill level 5 in Conjurations
  3469 | D:3      | Reached XP level 5. HP: 38/38 MP: 8/12
  3578 | D:3      | Noticed Sigmund
  3708 | D:3      | Identified the +1 robe "Doempu" {Int+3}
  3712 | D:3      | Found Disel's Antique Weapon Boutique.
  4351 | D:3      | Killed Sigmund
  4352 | D:3      | Reached XP level 6. HP: 45/45 MP: 7/14
  4529 | D:3      | Found Disel's Antique Weapon Boutique.
  5909 | D:4      | Reached XP level 7. HP: 50/50 MP: 8/16
  6044 | D:4      | Identified the amulet of Zeroz {Acrobat *Slow Dex+5}
  6270 | D:5      | Entered Level 5 of the Dungeon
  6867 | D:5      | Reached skill level 1 in Fighting
  7361 | D:6      | Noticed Grinder
  7377 | D:6      | Paralysed by Grinder for 4 turns
  7383 | D:6      | Killed Grinder
  7516 | D:6      | Reached XP level 8. HP: 46/63 MP: 10/17
  7728 | D:6      | Found Moiges's Antique Armour Shoppe.
  8138 | D:6      | Noticed Prince Ribbit
  8259 | D:6      | Killed Prince Ribbit
  8260 | D:6      | Reached skill level 5 in Dodging
  8448 | D:6      | Noticed an angel
  8487 | D:6      | Killed an angel
  8654 | D:6      | Learned a level 4 spell: Fulminant Prism
  8702 | D:7      | Found a staircase to the Ecumenical Temple.
  8834 | D:7      | Reached skill level 1 in Alchemy
  9209 | D:7      | Reached skill level 5 in Spellcasting
  9311 | D:7      | Reached XP level 9. HP: 69/69 MP: 15/20
  9776 | D:7      | Noticed Jeremiah
  9789 | D:7      | Killed Jeremiah
 10226 | D:7      | Found a staircase to the Ecumenical Temple.
 10562 | D:8      | Noticed Azoth's ghost (novice HuBe)
 10693 | D:8      | Found a runed translucent gate.
 10693 | D:8      | Found a runed translucent gate.
 10693 | D:8      | Found a runed translucent gate.
 11621 | D:8      | Reached skill level 10 in Conjurations
 11737 | D:8      | Learned a level 5 spell: Irradiate
 12527 | D:9      | Noticed a two-headed ogre
 12551 | D:9      | Killed a two-headed ogre
 12552 | D:9      | Reached skill level 5 in Fighting
 12552 | D:9      | Reached XP level 10. HP: 75/82 MP: 10/21
 13243 | D:9      | Noticed a two-headed ogre
 13253 | D:9      | Killed a two-headed ogre
 13420 | D:9      | Found a staircase to the Orcish Mines.
 13531 | D:9      | Reached skill level 5 in Alchemy
 13820 | D:10     | Entered Level 10 of the Dungeon
 14163 | D:10     | Noticed a two-headed ogre
 14180 | D:10     | Killed a two-headed ogre
 14401 | D:10     | Noticed a two-headed ogre
 14408 | D:10     | Killed a two-headed ogre
 14591 | D:10     | Found a staircase to the Lair.
 14633 | D:10     | Reached XP level 11. HP: 89/89 MP: 6/25
 16034 | D:11     | Noticed a boulder beetle
 16102 | D:10     | Killed a boulder beetle
 16311 | D:11     | Noticed Sonja
 16317 | D:11     | Killed Sonja
 16377 | D:11     | Found a transporter.
 16378 | D:11     | Noticed a boulder beetle
 16379 | D:11     | Found a transporter.
 16379 | D:11     | Noticed a boulder beetle
 16573 | D:11     | Noticed a skeletal warrior
 16573 | D:11     | Noticed a skeletal warrior
 16679 | D:11     | Killed a skeletal warrior
 16767 | D:11     | Noticed a skeletal warrior
 16779 | D:11     | Killed a skeletal warrior
 16884 | D:11     | Killed a skeletal warrior
 17064 | D:11     | Noticed Maurice
 17069 | D:11     | Something stole an amulet of magic regeneration
 17072 | D:11     | Killed Maurice
 17535 | D:11     | Killed a boulder beetle
 17540 | D:11     | Killed a boulder beetle
 17704 | Lair:1   | Entered Level 1 of the Lair of Beasts
 17754 | D:10     | Learned a level 4 spell: Iskenderun's Mystic Blast
 17758 | D:10     | Learned a level 3 spell: Inner Flame
 18318 | Lair:1   | Reached skill level 1 in Shields
 18318 | Lair:1   | Reached skill level 1 in Fire Magic
 18318 | Lair:1   | Reached XP level 12. HP: 101/101 MP: 17/28
 18463 | Lair:1   | Noticed a catoblepas
 18516 | Lair:1   | Killed a catoblepas
 18517 | Lair:1   | Reached skill level 2 in Fire Magic
 18758 | Lair:1   | Reached skill level 3 in Fire Magic
 19602 | Lair:2   | Reached skill level 4 in Fire Magic
 19701 | Lair:2   | Noticed Harold
 19718 | Lair:2   | Killed Harold
 20024 | Lair:2   | Found a staircase to the Shoals.
 20128 | Lair:2   | Noticed Gastronok
 20151 | Lair:2   | Reached skill level 5 in Shields
 20151 | Lair:2   | Reached skill level 5 in Fire Magic
 20433 | Lair:2   | Killed Gastronok
 20851 | Lair:3   | Reached skill level 6 in Fire Magic
 21410 | Lair:3   | Found a hole to the Spider Nest.
 21900 | Lair:3   | Reached skill level 7 in Fire Magic
 21900 | Lair:3   | Reached XP level 13. HP: 107/107 MP: 20/29
 22379 | Lair:3   | Learned a level 6 spell: Bombard
 22637 | Lair:4   | Reached skill level 1 in Earth Magic
 23170 | Lair:4   | Found a staircase to the Slime Pits.
 23615 | Lair:5   | Entered Level 5 of the Lair of Beasts
 23781 | Lair:5   | Reached skill level 10 in Shields
 23781 | Lair:5   | Reached skill level 5 in Earth Magic
 24699 | Lair:5   | Reached XP level 14. HP: 81/115 MP: 16/30
 26193 | Lair:5   | Reached skill level 10 in Earth Magic
 26641 | Lair:5   | Identified a scroll of acquirement
 26641 | Lair:5   | Acquired 903 gold pieces
 28192 | D:11     | Found a transporter.
 28193 | D:11     | Found a transporter.
 28479 | Orc:1    | Entered Level 1 of the Orcish Mines
 28671 | Orc:1    | Found Kebbuul's General Store.
 28826 | Orc:2    | Entered Level 2 of the Orcish Mines
 29119 | Orc:2    | Found a runed translucent gate.
 29119 | Orc:2    | Found a runed translucent gate.
 29119 | Orc:2    | Found a runed translucent gate.
 29120 | Orc:2    | Found Safubbas's Assorted Antiques.
 29120 | Orc:2    | Noticed an orc warlord
 29124 | Orc:2    | Noticed Gryn's ghost (journeyman DgHu)
 29128 | Orc:2    | Killed an orc warlord
 29272 | Orc:2    | Noticed an orc warlord
 29414 | Orc:2    | Killed an orc warlord
 29806 | Orc:2    | Found Dyheil's General Store.
 29933 | Orc:2    | Found Gifoor's General Store.
 30131 | Orc:2    | Bought a potion of curing for 54 gold pieces
 31099 | Orc:2    | Found Xenap's Book Emporium.
 31099 | Orc:2    | Found Vamoizia's Antique Weapon Shoppe.
 31100 | Orc:2    | Found a one-way gate leading to the halls of Pandemonium.
 31138 | Orc:2    | Noticed Azrael
 31142 | Orc:2    | Killed Azrael
 31310 | Orc:2    | Found a staircase to the Elven Halls.
 31500 | Orc:2    | Found Dyheil's General Store.
 31503 | Orc:2    | Found Gifoor's General Store.
 31542 | Orc:2    | Found a staircase to the Elven Halls.
 31692 | Orc:2    | Found Xenap's Book Emporium.
 31692 | Orc:2    | Found Vamoizia's Antique Weapon Shoppe.
 31693 | Orc:2    | Found a one-way gate leading to the halls of Pandemonium.
 31989 | Orc:2    | Upgraded the game from 0.32-a0-361-g289a535e89 to
                  | 0.32-a0-391-gce5c0aab1b
 32003 | Orc:1    | Found Uxael's General Store.
 32232 | Orc:1    | Bought a +0 pair of boots of flying for 184 gold pieces
 32232 | Orc:1    | Bought a scroll of butterflies for 64 gold pieces
 32553 | D:13     | Reached XP level 15. HP: 121/121 MP: 8/32
 32753 | D:13     | Noticed Rupert
 32768 | D:13     | Killed Rupert
 33779 | D:14     | Reached skill level 10 in Spellcasting
 33804 | D:14     | Learned a level 5 spell: Lee's Rapid Deconstruction
 34174 | D:14     | Found a gate to the Vaults.
 34434 | D:14     | Noticed Kirke
 34438 | D:14     | Killed Kirke
 34635 | D:15     | Entered Level 15 of the Dungeon
 34646 | D:15     | Reached skill level 10 in Fighting
 35196 | D:15     | Found a staircase to the Depths.
 35503 | D:15     | Identified the +1 robe of Painted Leaves {Dex+3}
 36167 | Spider:1 | Entered Level 1 of the Spider Nest
 36249 | Spider:1 | You are sucked into a shaft and drop 1 floor!
 36606 | Spider:2 | Reached skill level 8 in Fire Magic
 37530 | Spider:1 | Reached XP level 16. HP: 139/139 MP: 15/36
 37615 | Spider:1 | Reached skill level 9 in Fire Magic
 38964 | Spider:2 | Reached skill level 10 in Fire Magic
 39921 | Spider:2 | Noticed Arachne
 39934 | Spider:2 | Killed Arachne
 40063 | Spider:2 | Reached skill level 11 in Fire Magic
 40273 | Spider:2 | Learned a level 8 spell: Ignition
 40281 | Spider:3 | Noticed a Hell Sentinel
 41209 | Spider:3 | Killed a Hell Sentinel
 42280 | Spider:4 | Entered Level 4 of the Spider Nest
 42924 | Spider:4 | Found a runed translucent gate.
 42924 | Spider:4 | Found a runed translucent gate.
 42926 | Spider:4 | Found a runed translucent gate.
 42929 | Spider:4 | Noticed Begg's ghost (adept DrIE)
 42929 | Spider:4 | Noticed Begg's ghost (adept DrIE)
 43288 | Spider:4 | Reached skill level 12 in Fire Magic
 43601 | Spider:4 | Identified the +7 giant club of Sunlight {flame, Str+3}
 43891 | Shoals:1 | Entered Level 1 of the Shoals
 44013 | Shoals:1 | Noticed Donald
 44075 | Shoals:1 | Found a glacial archway.
 44096 | IceCv    | Entered an ice cave
 44102 | IceCv    | Reached XP level 17. HP: 99/152 MP: 29/38
 44590 | IceCv    | Reached skill level 13 in Fire Magic
 45892 | Shoals:1 | Killed Donald
 46366 | Shoals:1 | Reached skill level 14 in Fire Magic
 47827 | Shoals:2 | Identified the +9 orcbow of Luxury {heavy, Dex+3}
 50961 | Shoals:4 | Entered Level 4 of the Shoals
 51102 | Shoals:4 | Identified the +9 rapier of Tigguwak {drain, Fly Str+2
                  | Int+2}
 51305 | Shoals:3 | Reached skill level 15 in Fire Magic
 51870 | Shoals:4 | Identified the ring "Larif" {rC+ rN+ Int+6 Dex-4}
 51880 | Shoals:4 | Noticed Nikola
 51902 | Shoals:3 | Reached skill level 15 in Fighting
 52031 | Shoals:3 | Killed Nikola
 54153 | Shoals:4 | Reached skill level 16 in Fire Magic
 54616 | Shoals:4 | Noticed Mara
 54629 | Shoals:4 | Noticed jboons's illusion
 54637 | Shoals:4 | Killed Mara
 54638 | Shoals:4 | Reached XP level 18. HP: 155/163 MP: 23/39
 54810 | Shoals:4 | Got a barnacled rune of Zot
 55342 | Spider:4 | Noticed Mlioglotl
 55494 | Spider:4 | Killed Mlioglotl
 56212 | Spider:4 | Reached skill level 17 in Fire Magic
 56224 | Spider:4 | Gained mutation: You are occasionally teleported next to
                  | monsters. [mutagenic glow]
 56225 | Spider:4 | Lost mutation: You are occasionally teleported next to
                  | monsters. [potion of mutation]
 56225 | Spider:4 | Gained mutation: You have a pair of small horns on your
                  | head. [potion of mutation]
 56225 | Spider:4 | Gained mutation: Armour fits poorly on your strangely
                  | shaped body. [potion of mutation]
 56225 | Spider:4 | Gained mutation: You are partially covered in iridescent
                  | scales. (AC +2) [potion of mutation]
 56676 | Spider:4 | Got a gossamer rune of Zot
 57025 | Spider:4 | Lost mutation: You have a pair of small horns on your head.
                  | [potion of mutation]
 57025 | Spider:4 | Lost mutation: You are partially covered in iridescent
                  | scales. (AC +2) [potion of mutation]
 57025 | Spider:4 | Lost mutation: Armour fits poorly on your strangely shaped
                  | body. [potion of mutation]
 57025 | Spider:4 | Gained mutation: You are strong-willed. (Will+) [potion of
                  | mutation]
 57025 | Spider:4 | Gained mutation: You are frail. (-10% HP) [potion of
                  | mutation]
 57025 | Spider:4 | Lost mutation: You are frail. (-10% HP) [potion of
                  | mutation]
 57477 | Elf:1    | Entered Level 1 of the Elven Halls
 57566 | Elf:1    | Learned a level 5 spell: Yara's Violent Unravelling
 57567 | Elf:1    | Found a crumbling gateway.
 57586 | Desolati | Entered the Desolation of Salt
 57633 | Desolati | Reached skill level 18 in Fire Magic
 57854 | Desolati | Identified the ring "Puewaul" {Wiz rN+ Will+ rCorr Str-3}
 57870 | Desolati | Identified the ring "Gifae" {Wiz rF+ rN+ MP+9 Str+2}
 57878 | Desolati | Reached skill level 1 in Hexes
 58675 | Desolati | Identified the +4 pair of boots of the Desert {Rampage rF-
                  | Int+4 Dex+4}
 59041 | Desolati | Identified the amulet of Gluttony {Spirit rC+ Str+4 Dex-2
                  | Stlth+}
 59046 | Desolati | Identified the ring of Ucsixt {rCorr Dex+6}
 59050 | Desolati | Identified the +1 leather armour of Biesyu {rElec Str+8
                  | Slay-2 Stlth-}
 59053 | Desolati | Identified the +6 orcbow of Naor {freeze, Str+5}
 59366 | Orc:2    | Bought a book of Annihilations for 900 gold pieces
 60007 | Elf:1    | Reached skill level 5 in Hexes
 60470 | Elf:1    | Found a runed translucent door.
 61078 | Elf:2    | Reached XP level 19. HP: 170/170 MP: 32/41
 61220 | Elf:2    | Paralysed by an air elemental for 1 turns
 61272 | Elf:2    | Reached skill level 19 in Fire Magic
 61295 | Elf:2    | Found a runed translucent gate.
 61295 | Elf:2    | Found a runed translucent gate.
 61295 | Elf:2    | Found a runed translucent gate.
 61471 | Elf:2    | Reached skill level 1 in Armour
 61711 | Elf:3    | Entered Level 3 of the Elven Halls
 61931 | Elf:3    | Found the +5 Lochaber axe {reach-cleave, Poleaxe ^Drain}
 62044 | Elf:3    | Reached skill level 5 in Armour
 62611 | Elf:3    | Noticed a Tzitzimitl
 62877 | Elf:3    | Found the -2 hat of the Alchemist {rElec rPois rF+ rC+ rN+
                  | Will+ rMut rCorr}
 62946 | Elf:3    | Got the Cyclopedia of Bewitchment and Abhorrent Deeds
 62950 | Elf:3    | Identified the +0 pair of boots "Tozegh" {rC+}
 62994 | Elf:3    | Identified the +8 battleaxe of Immorality {elec, rCorr}
 63071 | Elf:3    | Got the Excursus on Algor and the Boulder
 63300 | Elf:3    | Noticed a Tzitzimitl
 63970 | Vaults:1 | Entered Level 1 of the Vaults
 63976 | Vaults:1 | Found Plog's Antique Weapon Emporium.
 64825 | Vaults:1 | Noticed Asterion
 64837 | Vaults:1 | Killed Asterion
 65305 | Vaults:1 | Reached XP level 20. HP: 178/178 MP: 30/44
 67615 | Vaults:2 | Reached skill level 15 in Spellcasting
 67813 | Vaults:2 | Found a staircase to the Crypt.
 68206 | Vaults:2 | Noticed a dread lich
 68221 | Vaults:2 | Killed a dread lich
 68222 | Vaults:2 | Reached skill level 20 in Fire Magic
 68368 | Vaults:2 | Identified the +0 robe of the Tundras {MP+9 Int+3}
 68575 | Vaults:2 | Found a staircase to the Crypt.
 69179 | Vaults:2 | Learned a level 9 spell: Fire Storm
 69230 | Vaults:3 | Found a runed translucent door.
 69435 | Vaults:3 | Found a magical portal.
 69487 | WizLab   | Entered Tukima's Studio
 69593 | WizLab   | Noticed jboons's illusion
 69714 | WizLab   | Identified the +3 longbow "Webiwab" {speed, rCorr}
 70349 | WizLab   | Identified the +4 pair of gloves of Abagoo {rPois Will+
                  | Str+2}
 71894 | Vaults:3 | Reached skill level 15 in Conjurations
 72622 | Vaults:4 | Reached skill level 21 in Fire Magic
 72755 | Vaults:4 | Found Ylavudam's Distillery.
 72763 | Vaults:4 | Bought a potion of haste for 130 gold pieces
 72790 | Vaults:4 | Bought a potion of mutation for 104 gold pieces
 72790 | Vaults:4 | Bought a potion of brilliance for 52 gold pieces
 72884 | Vaults:4 | Reached XP level 21. HP: 184/184 MP: 43/46
 73516 | Vaults:4 | Found Ynaazyev's Armour Emporium.
 73536 | Vaults:4 | Bought the +2 robe "Wypnev" {MP+9 SInv Stlth+} for 610 gold
                  | pieces
 73725 | Vaults:4 | Noticed Norris
 73735 | Vaults:4 | Killed Norris
 75099 | Depths:1 | Entered Level 1 of the Depths
 75704 | Depths:1 | Found a gateway to Hell.
 75723 | Depths:1 | Reached skill level 22 in Fire Magic
 76612 | Depths:2 | Found Roewio's Assorted Antiques.
 76612 | Depths:2 | Found Pelyac's Weapon Emporium.
 76612 | Depths:2 | Found Jawnegab's Armour Emporium.
 76614 | Depths:2 | Bought a scroll of teleportation for 96 gold pieces
 76949 | Depths:2 | Found a one-way gateway to a ziggurat.
 77237 | Depths:2 | Noticed Vv
 77547 | Depths:2 | Killed Vv
 77756 | Depths:2 | Identified the ring of the Soothsayer {Ice rElec Slay+2}
 77756 | Depths:2 | Noticed Josephina
 77836 | Depths:2 | Killed Josephina
 78046 | Depths:2 | Reached XP level 22. HP: 192/192 MP: 47/48
 78310 | Depths:2 | Identified the +3 kite shield "Vaogo" {Regen+}
 78690 | Depths:2 | Identified the +10 gold dragon scales "Osoajukk" {rElec
                  | rPois rF+ rC+ Dex+3 SInv}
 79072 | Depths:3 | Noticed a caustic shrike
 79637 | Depths:3 | Found a one-way gate to the infinite horrors of the Abyss.
 80502 | Depths:3 | Found a one-way gate to the infinite horrors of the Abyss.
 80687 | Depths:4 | Entered Level 4 of the Depths
 81593 | Depths:2 | Killed a caustic shrike
 82060 | Depths:4 | Reached skill level 23 in Fire Magic
 82762 | Depths:4 | Found a gate to the Realm of Zot.
 83282 | Slime:1  | Entered Level 1 of the Pits of Slime
 83890 | Orc:2    | Bought a book of Armaments for 540 gold pieces
 83900 | Orc:2    | Learned a level 8 spell: Lehudib's Crystal Spear
 84119 | Slime:5  | Entered Level 5 of the Pits of Slime
 84882 | Slime:4  | Reached XP level 23. HP: 188/199 MP: 50/50
 84903 | Slime:4  | Paralysed by a formless jellyfish for 1 turns
 85243 | Slime:5  | Noticed the Royal Jelly
 85251 | Slime:5  | Killed the Royal Jelly
 85403 | Slime:5  | Got the Discourse on Accelerants and Bedrock
 85453 | Slime:5  | Got a slimy rune of Zot
 85456 | Slime:5  | Identified the +7 rapier of Circularity {drain, rC- Str-4
                  | Int+9 Stlth+}
 85462 | Slime:5  | Got Wiguoloh's Encyclopedia of the Grave
 85476 | Slime:5  | Identified the +0 leather armour of the Quiescent Grue {rC+
                  | Str+5}
 85490 | Slime:5  | Identified the +5 rapier of Fear {freeze, rF+ rC+}
 86183 | Zot:1    | Entered Level 1 of the Realm of Zot
 86187 | Zot:1    | Noticed an orb of fire
 86949 | Spider:4 | Killed Begg's ghost
 86954 | Spider:4 | Killed Begg's ghost
 87285 | Orc:2    | Bought a potion of heal wounds for 90 gold pieces
 87333 | Orc:2    | Killed Gryn's ghost
 87380 | Orc:2    | Bought a scroll of blinking for 277 gold pieces
 87453 | Orc:1    | Bought a scroll of butterflies for 60 gold pieces
 87782 | Zot:1    | Gained mutation: Armour fits poorly on your strangely
                  | shaped body. [an orb of fire]
 87789 | Depths:4 | Killed an orb of fire
 88830 | Zot:1    | Found a runed translucent gate.
 88830 | Zot:1    | Found a runed translucent gate.
 88830 | Zot:1    | Found a runed translucent gate.
 88831 | Zot:1    | Noticed Caurgh's ghost (veteran OnBe)
 88834 | Zot:1    | Noticed snackwell's ghost (veteran MfBe)
 88858 | Zot:1    | Acquired the +2 cloak "Ethromn" {rElec Regen+ Dex+5 Slay-3}
 90111 | Zot:1    | Identified the +3 ring mail of Apathy {rF++ Regen+ MP-9}
 90264 | Zot:1    | Reached skill level 15 in Shields
 90683 | Zot:2    | Identified the +3 dagger "Saen" {flame, rC+ rCorr Dex+3}
 90690 | Zot:2    | Noticed an orb of fire
 90692 | Zot:2    | Gained mutation: You are frail. (-10% HP) [an orb of fire]
 90694 | Zot:2    | Killed an orb of fire
 90754 | Zot:2    | Got the Cyclopedia of The Black Sun
 91303 | Zot:2    | Identified the ring "Vempayjo" {*Corrode rElec Str+4 Dex+6}
 91316 | Zot:2    | Identified the amulet of Lychass {Faith rC++}
 91732 | Zot:2    | Reached XP level 24. HP: 189/189 MP: 50/50
 91736 | Zot:2    | Reached skill level 10 in Dodging
 92199 | Zot:2    | You are sucked into a shaft and drop 1 floor!
 92259 | Zot:3    | Found the +4 dragonskin cloak
 92259 | Zot:3    | Noticed Tiamat
 92262 | Zot:3    | Reached skill level 24 in Fire Magic
 92265 | Zot:3    | Killed Tiamat
 92376 | Zot:2    | Identified the +4 trident of the Inviting Visionary
                  | {freeze, Will+ Int+3 SInv}
 92806 | Zot:3    | Identified the +4 leather armour of Wu Jian's Castigation
                  | {-Cast rElec rN+ Str+3}
 93020 | Zot:3    | Reached skill level 25 in Fire Magic
 96431 | Zot:5    | Entered Level 5 of the Realm of Zot
 97346 | Zot:5    | Noticed an ancient lich
 97348 | Zot:5    | Noticed a Killer Klown
 97349 | Zot:5    | Killed an ancient lich
 97350 | Zot:5    | Killed a Killer Klown
 97578 | Zot:5    | Noticed an ancient lich
 97580 | Zot:5    | Killed an ancient lich
 97616 | Zot:5    | Noticed a dread lich
 97618 | Zot:5    | Killed a dread lich
 97639 | Zot:5    | Noticed an orb of fire
 97640 | Zot:5    | Gained mutation: You are clumsy. (Dex -2) [an orb of fire]
 97643 | Zot:5    | Killed an orb of fire
 97651 | Zot:5    | Noticed an orb of fire
 97659 | Zot:5    | Killed an orb of fire
 97807 | Zot:5    | Noticed an ancient lich
 97810 | Zot:5    | Killed an ancient lich
 97927 | Zot:5    | Noticed an ancient lich
 97929 | Zot:5    | Killed an ancient lich
 98173 | Zot:5    | Reached XP level 25. HP: 196/196 MP: 51/51
 98286 | Zot:5    | Noticed an orb of fire
 98287 | Zot:5    | Gained mutation: You occasionally lose the ability to drink
                  | potions when taking damage. [an orb of fire]
 98289 | Zot:5    | Killed an orb of fire
 98290 | Zot:5    | Lost mutation: You are clumsy. (Dex -2) [potion of
                  | mutation]
 98290 | Zot:5    | Lost mutation: You occasionally lose the ability to drink
                  | potions when taking damage. [potion of mutation]
 98290 | Zot:5    | Lost mutation: You are frail. (-10% HP) [potion of
                  | mutation]
 98290 | Zot:5    | Gained mutation: You have hidden genetic potential. [potion
                  | of mutation]
 98290 | Zot:5    | Gained mutation: Your spells are a little easier to cast,
                  | but a little less powerful. [potion of mutation]
 98394 | Zot:5    | Noticed an orb of fire
 98400 | Zot:5    | Gained mutation: You are clumsy. (Dex -2) [an orb of fire]
 98405 | Zot:5    | Gained mutation: Your body sometimes deteriorates upon
                  | taking damage. [an orb of fire]
 98406 | Zot:5    | Killed an orb of fire
 98474 | Zot:5    | Noticed a dread lich
 98477 | Zot:5    | Killed a dread lich
 99147 | Zot:5    | Noticed a dread lich
 99150 | Zot:5    | Killed a dread lich
100825 | Zot:5    | Got the Orb of Zot
100841 | Zot:5    | Noticed Uhaixy the pandemonium lord
100842 | Zot:5    | Noticed an ancient lich
100843 | Zot:5    | Killed Uhaixy the pandemonium lord
100849 | Zot:5    | Killed an ancient lich
100922 | Zot:3    | Learned a level 3 spell: Passwall
101448 | D:$      | Escaped with the Orb!

Illustrated notes

Levels and vault maps discovered:
D:1:      heliophobic_arrival_henge, layout_loops_corners,
          minmay_misc_feat_rugged
D:2:      minmay_angry_zag, layout_basic, basic_altar,
          hellmonk_ecumenical_altar_blasted, chequers_serial_rivers_micro_d,
          uniq_robin
D:3:      layout_basic, serial_shops, shop, uniq_sigmund
D:4:      minmay_octagon_keep, layout_basic, kiku_gazebo_pond_becter
D:5:      layout_loops_corners, lemuel_crystal_altar,
          chequers_temple_overflow_statue_of_worship
D:6:      layout_rooms, grunt_temple_overflow_order_and_chaos_1, serial_shops,
          shop, uniq_prince_ribbit1, uniq_grinder
D:7:      kennysheep_spiral_hall, layout_rooms,
          minmay_temple_entry_statues_fountains, uniq_jeremiah
D:8:      minmay_skewed_foursquare, layout_basic, gammafunk_ghost_icy
D:9:      nicolae_cairo_tiling_large, layout_long_grid,
          mainiacjoe_overflow_paths, minmay_orc_entry_temple_small
D:10:     layout_gridville, mainiacjoe_overflow_24_doors,
          due_lair_maze_entry_diamond
D:11:     gammafunk_boulding_lane, layout_loops_ring, uniq_sonja, uniq_maurice
D:12:     layout_gridville
D:13:     layout_roguey, serial_glass, glass_columns_b, glass_columns_b,
          uniq_rupert
D:14:     layout_basic, skrybe_vaults_entry_preservation,
          nicolae_uskayaw_murder_on_the_dancefloor, uniq_kirke
D:15:     gammafunk_depths_entry_grave, layout_gridville, gauntlet_entry_generic
Lair:1:   layout_cave_pods, infiniplex_staircase_pool, lemuel_fruit_tree
Lair:2:   layout_regular_city, minmay_shoals_entry_hut,
          eino_small_chamber_without_monster, grunt_forest_small_clearings,
          uniq_harold, uniq_gastronok
Lair:3:   layout_hall_layers, dummy_spider_entry, minivault_26
Lair:4:   layout_gridlike, slime_entry_1
Lair:5:   guppyfry_lair_end_dragon, layout_regular_city,
          hangedman_lair_tendril_chambers, minmay_lair_drake_nest
Shoals:1: layout_shoals, portal_ice_cave_entry_ice_statue_one, uniq_donald
Shoals:2: layout_shoals, nicolae_shoals_songs
Shoals:3: layout_shoals, nicolae_shoals_gull_way
Shoals:4: shoals_end_grunt_garden, layout_shoals, uniq_mara, uniq_nikola
Spider:1: layout_spider_delve, beargit_elvish_explorers
Spider:2: nicolae_spider_hilbert_zone_3 [nicolae_spider_hilbert_4_sides_2_open,
          nicolae_spider_hilbert_3_sides_1_open,
          nicolae_spider_hilbert_3_sides_1_open,
          nicolae_spider_hilbert_3_sides_1_open,
          nicolae_spider_hilbert_3_sides_1_open,
          nicolae_spider_hilbert_4_sides_1_open,
          nicolae_spider_hilbert_4_sides_1_open,
          nicolae_spider_hilbert_4_sides_1_open,
          nicolae_spider_hilbert_4_sides_1_open,
          nicolae_spider_hilbert_4_sides_1_open,
          nicolae_spider_hilbert_4_sides_1_open,
          nicolae_spider_hilbert_4_sides_1_open,
          nicolae_spider_hilbert_4_sides_1_open,
          nicolae_spider_hilbert_3_sides_1_open,
          nicolae_spider_hilbert_3_sides_1_open,
          nicolae_spider_hilbert_3_sides_1_open,
          nicolae_spider_hilbert_3_sides_1_open], nicolae_spider_shape,
          uniq_arachne
Spider:3: layout_cave_pods, nicolae_spider_twisty_arc_passages
Spider:4: spider_rune_water, gammafunk_ghost_cemetery, uniq_mlioglotl
Slime:1:  layout_caves
Slime:2:  layout_caves
Slime:3:  layout_caves
Slime:4:  layout_caves
Slime:5:  slime_pit_nicolae_royal_road_to_ruin
Orc:1:    layout_caves, serial_shops, shop, shop, basic_altar, mines2_david
Orc:2:    pf_orc_diabolical, layout_diamond_mine, ebering_ghost_gozag,
          uniq_azrael
Elf:1:    minmay_slanted_spiral_squares, layout_onion_city,
          portal_desolation_entry_twin_temple,
          hangedman_elven_crosses_minicolossus, nicolae_danse_macabre
Elf:2:    elven_hall_of_blades_hangedman_original [nooodl_blade_entry_preview],
          layout_geoelf_grid
Elf:3:    grunt_elf_hall_spiral, layout_loops_cross,
          kennysheep_underground_church
Vaults:1: ontoclasm_vaults_gateway, hangedman_vaults_river_flow,
          hangedman_vaults_nails, nicolae_vaults_border_crossing,
          vaults_room_ringed_pool, nicolae_vaults_door_testing_chamber,
          nicolae_vaults_house_1, hangedman_vaults_restitches,
          nicolae_vaults_asterisk, nicolae_vaults_diamond_2,
          layout_vaults_omnigrid, serial_shops, nicolae_shop_peninsula,
          uniq_asterion
Vaults:2: ontoclasm_vaults_twist, nicolae_vaults_little_squares_5,
          nicolae_vaults_trapezoid_lopsided_2, v_misc_18,
          nicolae_vaults_storage_closets_3, minmay_crypt_entry_simple_walls,
          v_misc_22, hangedman_vaults_maws,
          nicolae_vaults_you_can_take_it_with_you, nicolae_vaults_tetromino_Z_1,
          layout_vaults_omnicross
Vaults:3: lightli_enter_wizlab_magi_temple,
          nicolae_vaults_offset_grid_hallway_4, nicolae_vaults_circle_grid_b,
          v_misc_8, nicolae_vaults_shelves_hall, nicolae_vaults_mitosis,
          vaults_dpeg_emergency_exit, vaults_mumra_hexcomb,
          nicolae_vaults_trapezoid_3, nicolae_vaults_oozy_zoo,
          layout_vaults_maze_snakey
Vaults:4: nicolae_vaults_twisting_passages, v_alt_pattern_4,
          nicolae_vaults_tetromino_Z_1, grunt_vaults_funnel,
          nicolae_vaults_shrinking_rooms_2,
          nicolae_vaults_taking_the_gang_shopping,
          nicolae_vaults_variable_pillar_hall, v_misc_26, nicolae_vaults_theta,
          serial_ice_h, nicolae_vaults_surprise_closet,
          nicolae_vaults_tetromino_T_1, layout_vaults_ring, serial_shops, shop,
          uniq_norris
Depths:1: layout_small_grid, grunt_metal_band, nicolae_two_hexagons,
          xom_confusion_cloud, serial_bayou_shore_b
Depths:2: minmay_the_grid_4x2 [minmay_the_grid_minigrid_small_alt,
          minmay_the_grid_paths, minmay_the_grid_square_x,
          minmay_the_grid_doors, minmay_the_grid_minigrid_medium,
          minmay_the_grid_medium_cups, minmay_the_grid_outer_circle,
          minmay_the_grid_prize_diamond_cup], layout_cave_pools,
          enter_ziggurat_a, hangedman_abyss_or_decor_lesser_grid,
          grunt_hell_entry_dis_mu, rand_demon_pan_entry_5, roderic_lattice_a,
          nicolae_shop_distant_corner_stores, st_stairs_11,
          serial_bayou_shore_b, infiniplex_staircase_river, uniq_vv,
          uniq_josephina
Depths:3: minmay_connected_triangles_in_corner, layout_cave_pools,
          chequers_serial_rivers_room_b, grunt_pan_entry_sceptre,
          pf_hell_entry_tar_spiral, nicolae_abyss_entry_one_way_or_another,
          dreamdust_wishing_well, minivault_11, minmay_misc_feat_five,
          serial_bayou_shore_b
Depths:4: evilmike_zot_entry_round, layout_basic, hangedman_coc_ice_floe,
          minmay_misc_feat_roman, minmay_room_of_horrors
Zot:1:    bobbens_index_wilting_gardens, layout_twisted_circle,
          gammafunk_ghost_cemetery
Zot:2:    dreamdust_black_sun_cult, layout_gridlike, st_large_dragon_hoard_3
Zot:3:    layout_misc_corridors, hangedman_zot_decor_checkerboard,
          regret_index_zotdec_glowing_original, uniq_tiamat
Zot:4:    layout_basic, regret_index_zotdec_gossamer_parallel
Zot:5:    layout_basic

Skill      XL: |  1  2  3  4  5  6  7  8  9 10 11 12 13 14 15 16 17 18 19 20 21 22 23 24 25 |
---------------+----------------------------------------------------------------------------+-----
Spellcasting   | 2 3 4 5 7 8 9 11 12 14 15 16 17 18 | 18.0
Conjurations   | 4 5 6 7 8 10 11 12 13 15 17 18 19 20 | 20.0
Fighting       | 3 5 6 8 12 14 15 16 17 | 17.1
Dodging        | 2 6 8 9 10 | 10.2
Alchemy        | 2 4 7 |  7.0
Shields        | 1 7 10 11 15 17 | 17.0
Fire Magic     | 1 7 8 12 16 18 19 21 22 23 25 | 25.4
Earth Magic    | 8 11 12 | 12.0
Hexes          | 5 |  5.0
Armour         | 5 |  5.0
Stealth        | |  1.7

Action                     |  1- 3 |  4- 6 |  7- 9 | 10-12 | 13-15 | 16-18 | 19-21 | 22-24 | 25-27 || total
---------------------------+-------+-------+-------+-------+-------+-------+-------+-------+-------++-------
  Melee: Short sword       |     3 |       |       |       |       |       |       |       |       ||     3
         Staff             |       |     1 |     2 |     2 |     8 |     3 |     2 |       |       ||    18
         Dagger            |       |       |       |     1 |    15 |    20 |       |       |       ||    36
         Demon trident     |       |       |       |       |       |    16 |       |     3 |       ||    19
   Cast: Magic Dart        |    60 |    74 |   195 |   214 |   219 |       |       |       |       ||   762
         Searing Ray       |     2 |    14 |    34 |    21 |     4 |       |       |       |       ||    75
         Fulminant Prism   |       |       |    22 |    72 |    81 |    20 |     1 |       |       ||   196
         Irradiate         |       |       |     4 |    50 |    37 |    28 |       |       |     1 ||   120
         Iskenderun's Myst |       |       |       |    64 |   137 |    11 |     2 |     3 |       ||   217
         Inner Flame       |       |       |       |     4 |     8 |       |       |       |       ||    12
         Bombard           |       |       |       |       |   320 |   659 |   434 |    68 |       ||  1481
         Lee's Rapid Decon |       |       |       |       |    14 |    62 |    34 |     5 |       ||   115
         Ignition          |       |       |       |       |       |    22 |   112 |    52 |       ||   186
         Yara's Violent Un |       |       |       |       |       |     1 |     7 |     2 |       ||    10
         Fire Storm        |       |       |       |       |       |       |    99 |   247 |    37 ||   383
         Lehudib's Crystal |       |       |       |       |       |       |       |   219 |    35 ||   254
         Passwall          |       |       |       |       |       |       |       |       |     3 ||     3
  Evoke: Wand              |       |       |       |     6 |     4 |     8 |       |     3 |     3 ||    24
         Lightning rod     |       |       |       |       |       |     4 |     4 |       |       ||     8
         Phantom mirror    |       |       |       |       |       |       |     1 |       |       ||     1
    Use: Scroll            |       |     3 |     9 |     5 |    17 |    16 |     5 |    13 |     3 ||    71
         Potion            |       |       |       |     5 |     3 |    13 |     1 |     6 |     6 ||    34
   Stab: Sleeping          |     1 |       |       |       |       |       |       |       |       ||     1
 Armour: Robe              |     5 |     3 |       |       |       |       |    58 |   225 |    23 ||   314
         Leather armour    |       |    13 |    93 |   143 |   311 |   495 |   137 |       |       ||  1192
         Skin              |       |       |       |       |       |       |       |     4 |       ||     4
  Dodge: Dodged            |     5 |    11 |    94 |   148 |   208 |   256 |    77 |    76 |     3 ||   878
  Block: Buckler           |       |       |       |       |    82 |   149 |    54 |    17 |       ||   302
         Kite shield       |       |       |       |       |     3 |       |       |    69 |    12 ||    84
         Reflection        |       |       |       |       |       |       |       |     1 |       ||     1

Table legend: (Time is in decaauts)
 A = Elapsed time spent in this place.
 B = Non-inter-level travel time spent in this place.
 C = Inter-level travel time spent in this place.
 D = Time resting spent in this place.
 E = Time spent auto-exploring this place.
 F = Levels seen in this place.
 G = Mean time per level.
                   A        B        C        D        E       F      G
               +--------+--------+--------+--------+--------+-----+--------+
         Total | 101752 |  90278 |  11474 |  18214 |  57297 |  54 | 1884.3 |
       Dungeon |  26381 |  22232 |   4149 |   3650 |  15178 |  15 | 1758.7 |
          Lair |   9633 |   8735 |    898 |   2495 |   4542 |   5 | 1926.6 |
        Shoals |   9548 |   9160 |    388 |   2677 |   5368 |   4 | 2387.0 |
   Spider Nest |   9641 |   8760 |    881 |   1624 |   5713 |   4 | 2410.2 |
    Slime Pits |   2260 |   1986 |    274 |    871 |    704 |   5 |  452.0 |
  Orcish Mines |   4900 |   3837 |   1063 |    708 |   2296 |   2 | 2450.0 |
   Elven Halls |   4990 |   4386 |    604 |    358 |   3197 |   3 | 1663.3 |
        Vaults |   9630 |   8420 |   1210 |    718 |   6416 |   4 | 2407.5 |
        Depths |   8789 |   7493 |   1296 |   1898 |   4560 |   4 | 2197.2 |
           Zot |  11750 |  11043 |    707 |   2022 |   7448 |   5 | 2350.0 |
      Ice Cave |   1744 |   1744 |      0 |    406 |    887 |   1 | 1744.0 |
        Wizlab |    911 |    911 |      0 |    517 |    117 |   1 |  911.0 |
    Desolation |   1570 |   1570 |      0 |    268 |    869 |   1 | 1570.0 |
               +--------+--------+--------+--------+--------+-----+--------+

Top non-repeatable levels by time:
Shoals:3: 4539 daAuts
   Zot:5: 4459 daAuts
   Orc:2: 3828 daAuts
    D:11: 3459 daAuts
Spider:4: 3393 daAuts
Vaults:1: 3020 daAuts
Vaults:2: 3005 daAuts
Depths:2: 2936 daAuts
Spider:3: 2400 daAuts
Depths:4: 2368 daAuts
   Elf:1: 2265 daAuts
Spider:2: 2249 daAuts
   Zot:2: 2243 daAuts
    D:14: 2207 daAuts
     D:7: 2166 daAuts
